 Dungeon Crawl Stone Soup version 0.31.0-32-g396128a36d (webtiles) character file.

Game seed: 11640481326206264946

3432 Arcadio the Toxicologist (level 9, 0/57 HPs)
             Began as a Vampire Alchemist on Apr 8, 2024.
             Was a Priest of Jiyva.
             Killed by divine providence
             ... invoked by an orc priest
              (15 damage)
             ... on level 9 of the Dungeon.
             The game lasted 00:33:58 (9425 turns).

Arcadio the Toxicologist (Vampire Alchemist)        Turns: 9425, Time: 00:33:59

Health: 0/57       AC:  5    Str:  7    XL:     9   Next: 77%
Magic:  20/20      EV: 16    Int: 21    God:    Jiyva [***...]
Gold:   284        SH:  0    Dex: 15    Spells: 10/23 levels left

rFire   + . .        O - +7 spear (flame)
rCold   . . .        (no shield)
rNeg    . . .        a - +0 robe
rPois   .            Q - +2 helmet
rElec   .            i - +0 cloak
rCorr   +            (no gloves)
SInv    +            (no boots)
Will    .....        (no amulet)
Stlth   ++           t - ring of protection from fire
HPRegen 1.61/turn    (no ring)
MPRegen 0.73/turn

%: no passive effects
@: healing quickly
A: alive, fangs 3, see invisible, vampiric 2, pseudopods 3, jelly absorbing
missiles
a: Exsanguinate, Renounce Religion, Oozemancy


You were on level 9 of the Dungeon.
You worshipped Jiyva.
Jiyva was most pleased with you.
You visited 2 branches of the dungeon, and saw 10 of its levels.
You also visited: Sewer.

You collected 284 gold pieces.

Inventory:

Hand Weapons
 h - a +0 dagger
 w - a +0 rapier
 G - a +0 dire flail of venom
 N - a +3 dagger
 O - a +7 spear of flaming (weapon)
 R - a +0 short sword of speed
Armour
 a - a +0 robe (worn)
 e - a scarf of shadows
 i - a +0 cloak (worn)
 k - a +0 buckler
 m - a +0 scale mail
 u - a +2 hat
 A - a +0 leather armour
 B - a +0 ring mail
 P - a +0 ring mail of fire resistance
 Q - a +2 helmet (worn)
Magical Staves
 l - a staff of conjuration
Jewellery
 d - a ring of ice
 t - a ring of protection from fire (left hand)
Wands
 z - a wand of polymorph (13)
Scrolls
 g - 2 scrolls of enchant armour
 j - 2 scrolls of amnesia
 n - a scroll of torment
 p - a scroll of butterflies
 q - 2 scrolls of teleportation
 r - a scroll of identify
 x - a scroll of vulnerability
 y - 2 scrolls of blinking
 E - 2 scrolls of revelation {unknown}
 S - a scroll of fog {unknown}
Potions
 b - a potion of magic
 c - 2 potions of invisibility
 f - a potion of curing
 o - a potion of resistance
 s - 2 potions of berserk rage {unknown}
 v - a potion of cancellation {unknown}
 C - 2 potions of brilliance {unknown}
 D - a potion of ambrosia {unknown}
 F - a potion of lignification {unknown}
 H - a potion of degeneration {unknown}
 I - a potion of heal wounds
 J - a potion of haste {unknown}
 K - a potion of might {unknown}
 L - a potion of mutation {unknown}
 M - a potion of attraction {unknown}


   Skills:
 + Level 9.2 Dodging
 - Level 3.0 Stealth
 + Level 7.6 Spellcasting
 - Level 0.6 Conjurations
 + Level 9.4 Alchemy


You had 10 spell levels left.
You knew the following spells:

 Your Spells              Type           Power      Damage    Failure   Level
a - Sting                 Conj/Alch      100%       1d9       1%          1
b - Mercury Vapours       Alch/Air       54%        N/A       1%          2
c - Olgreb's Toxic Radia  Alch           47%        N/A       1%          4
d - Alistair's Intoxicat  Alch           31%        N/A       4%          5
e - Apportation           Tloc           16%        N/A       9%          1

Your spell library contained the following spells:

 Spells                   Type           Power      Damage    Failure   Level
 Mephitic Cloud           Conj/Alch/Air  22%        N/A       6%          3
 Sticky Flame             Fire/Alch      27%        2d7       12%         4
 Jinxbite                 Hex            16%        N/A       13%         2


Dungeon Overview and Level Annotations

Branches:
Dungeon (9/15)             Temple (1/1) D:7             Orc (0/2) D:9
  Sewer (visited)
   Lair: D:8-11

Altars:
Ashenzari
Cheibriados
Dithmenos
Fedhas
Gozag
Kikubaaqudgha
Nemelex Xobeh
Okawaru
Qazlal
Ru
Sif Muna
Trog
Uskayaw
Wu Jian
Xom


Innate Abilities, Weirdness & Mutations

Your natural rate of healing is accelerated.
You have razor-sharp teeth.
You have supernaturally acute eyesight. (SInv)
You are afflicted with vampirism and can become a bat while bloodless.
Armour fits poorly on your massive pseudopods.
You have a small jelly attached to you that may absorb projectiles.


Message History

The orc priest miscasts a cantrip.
The orc warrior barely misses you.
The orc shouts!
You hit the orc warrior but do no damage.
Your bludgeon misses the orc warrior.
The orc warrior is heavily wounded.
You hear a shout!
The orc warrior hits you with a +0 hand axe. x2
Casting: Alistair's Intoxication (dangerous; 4% risk of failure)
Confirm with . or Enter, or press ? or * to list all spells.
You begin to radiate toxic energy.
The orc is poisoned.
The orc priest is poisoned.
The orc looks even sicker.
The orc priest looks even sicker.
You kill the orc!
An orc comes into view. It is wielding a +0 hand axe.
The orc warrior hits you with a +0 hand axe!
You hit the orc warrior. You burn the orc warrior.
The orc warrior is almost dead.
The orc priest looks even sicker.
The orc is poisoned.
The orc warrior looks even sicker.
Your toxic aura wanes.
The orc warrior hits you with a +0 hand axe.
The orc priest mumbles some strange prayers to Beogh against you.
Beogh smites you!
* * * LOW HITPOINT WARNING * * *
The orc warrior hits you with a +0 hand axe.
* * * LOW HITPOINT WARNING * * *
You feel much better.
You feel yourself speed up.
You kill the orc!
The orc priest mumbles some strange prayers to Beogh against you.
Beogh smites you! The orc warrior misses you.
The orc priest closely misses you.
You completely miss the orc warrior.
You bite the orc warrior, but do no damage.
The orc warrior is almost dead.
You kill the orc warrior!
The orc priest invokes the aid of Beogh against you.
Beogh smites you!
You die...

....####. #. .........
.###. ##......#)
.....##......... ##.....
...............
........#.#.............
#................!...)..
......... #..@o...>).
..#..... #####)).......
..#.#..## #........)....
........###.))..........
............###.........
....[.........#.###.#...
....[....####.#.# .#.##
.....[..#.......# .# #
....[<..#.......#


You could see an orc priest (very poisoned).

Vanquished Creatures
  A hornet (D:9)
  A wyvern (D:7)
  Edmund (D:5)
  4 water moccasins
  4 orc warriors
  2 ogres (D:7)
  A phantom (D:5)
  6 bullfrogs
  A gnoll sergeant (D:7)
  A scorpion (D:6)
  2 wights (D:7)
  3 howler monkeys (D:9)
  A bombardier beetle (D:5)
  4 jellies
  2 hounds
  A gnoll bouda (D:8)
  9 orc priests
  Ijyb (D:4)
  3 sleepcaps
  4 iguanas
  13 orc wizards
  A mummy (D:4)
  8 adders
  9 gnolls
  2 river rats (Sewer)
  2 shadow imps
  2 ufetubi (D:6)
  6 dart slugs
  2 ribbon worms
  33 orcs
  10 ball pythons
  11 endoplasms
  3 giant cockroaches
  7 hobgoblins
  11 jackals
  6 kobolds
  4 quokkas
  6 bats
  7 frilled lizards
  6 goblins
  A hobgoblin zombie (D:4)
  2 kobold zombies (D:4)
  An orc zombie (D:4)
  8 rats
213 creatures vanquished.

Vanquished Creatures (others)
  A steam dragon (D:6)
  A water moccasin (D:6)
  A bullfrog (D:7)
  A scorpion (D:6)
  2 wights (D:7)
  11 jellies
  An orc priest (D:8)
  A hound (D:6)
  An iguana (D:6)
  A shadow imp (D:6)
  3 orcs
24 creatures vanquished.

Grand Total: 237 creatures vanquished

Notes
Turn   | Place    | Note
-------+----------+-------------------------------------------
     0 | D:1      | Arcadio the Vampire Alchemist began the quest for the Orb.
     0 | D:1      | Reached XP level 1. HP: 13/13 MP: 3/3
   232 | D:1      | Reached XP level 2. HP: 17/17 MP: 1/5
   893 | D:1      | Gained mutation: You are afflicted with vampirism and can
                  | become a bat while bloodless. [Vampire growth]
   893 | D:1      | Reached XP level 3. HP: 21/21 MP: 4/6
   896 | D:1      | Learned a level 2 spell: Mercury Vapours
  1123 | D:1      | Found a faded altar of an unknown god.
  1686 | D:2      | Reached XP level 4. HP: 27/27 MP: 6/8
  1969 | D:2      | Learned a level 4 spell: Olgreb's Toxic Radiance
  3162 | D:3      | Reached XP level 5. HP: 35/35 MP: 4/9
  3912 | D:4      | Noticed Ijyb
  3968 | D:4      | Killed Ijyb
  3969 | D:4      | Reached skill level 5 in Alchemy
  3969 | D:4      | Reached XP level 6. HP: 40/41 MP: 0/11
  4277 | D:5      | Entered Level 5 of the Dungeon
  4741 | D:5      | Reached skill level 5 in Dodging
  5167 | D:5      | Reached XP level 7. HP: 45/46 MP: 6/13
  5394 | D:5      | Noticed Edmund
  5403 | D:5      | Killed Edmund
  5511 | D:5      | Learned a level 5 spell: Alistair's Intoxication
  5513 | D:5      | Learned a level 1 spell: Apportation
  6019 | D:6      | Reached skill level 5 in Spellcasting
  6124 | D:6      | Found a glowing drain.
  6144 | Sewer    | Entered a sewer
  6579 | Sewer    | Reached XP level 8. HP: 52/52 MP: 3/15
  6671 | Sewer    | Found a viscous altar of Jiyva.
  6770 | Sewer    | Became a worshipper of Jiyva Joibbaud the Shapeless
  7797 | D:7      | Reached * piety under Jiyva
  7900 | D:7      | Reached XP level 9. HP: 57/57 MP: 15/18
  8317 | D:7      | Found a staircase to the Ecumenical Temple.
  8338 | Temple   | Entered the Ecumenical Temple
  8654 | D:8      | Reached ** piety under Jiyva
  8948 | D:8      | Reached *** piety under Jiyva
  8967 | D:8      | Gained mutation: You have a small jelly attached to you
                  | that may absorb projectiles. [Jiyva's grace]
  8967 | D:8      | Gained mutation: Armour fits poorly on your pseudopods.
                  | [Jiyva's grace]
  8967 | D:8      | Gained mutation: Armour fits poorly on your large
                  | pseudopods. [Jiyva's grace]
  8967 | D:8      | Gained mutation: Armour fits poorly on your massive
                  | pseudopods. [Jiyva's grace]
  9172 | D:8      | Found an opulent altar of Gozag.
  9413 | D:9      | Found a staircase to the Orcish Mines.
  9423 | D:9      | HP: 2/57 [orc warrior/+0 hand axe (5)]
  9425 | D:9      | Killed from afar by an orc priest

Illustrated notes

Levels and vault maps discovered:
D:1:      evilmike_arrival_plus, layout_basic,
          dilly_ecumenical_altar_fadedgnrine, kennysheep_flooded_box
D:2:      layout_rooms, grunt_decor_junction, mrwooster_statue_mirror,
          minmay_goblin_kobold_house
D:3:      layout_basic, nicolae_the_louvre
D:4:      layout_basic, minmay_mini_ossuary, uniq_ijyb
D:5:      layout_gridville, uniq_edmund
D:6:      layout_loops_ring, portal_sewer_entry_d, minmay_joined_circles
D:7:      layout_loops_ring, minmay_temple_entry_glass
D:8:      layout_basic, kennysheep_mini_moat, grunt_ministairs_12
D:9:      layout_rooms, grunt_temple_overflow_lords_of_destruction, david_orc_3
Temple:   minmay_crystal_spiral_temple

Skill      XL: |  1  2  3  4  5  6  7  8  9 |
---------------+----------------------------+-----
Dodging        | 3 4 5 6 7 9 |  9.2
Alchemy        | 4 5 6 8 9 |  9.4
Spellcasting   | 3 4 5 6 7 |  7.6
Stealth        | |  3.0
Conjurations   | |  0.6

Action                     |  1- 3 |  4- 6 |  7- 9 || total
---------------------------+-------+-------+-------++-------
  Melee: Unarmed           |    10 |       |       ||    10
         Dagger            |    14 |       |       ||    14
         Staff             |     6 |    46 |    13 ||    65
         Bite              |     2 |    12 |    17 ||    31
         Punch             |       |     1 |     3 ||     4
         Rapier            |       |    38 |    73 ||   111
         Spear             |       |       |    57 ||    57
         Pseudopods        |       |       |     2 ||     2
   Cast: Sting             |    77 |   118 |   190 ||   385
         Olgreb's Toxic Ra |       |     3 |    20 ||    23
         Mercury Vapours   |       |     7 |    26 ||    33
         Alistair's Intoxi |       |       |     2 ||     2
Ability: Exsanguinate      |     1 |       |       ||     1
         Revivify          |     1 |       |       ||     1
    Use: Scroll            |       |     8 |     2 ||    10
         Potion            |       |       |     4 ||     4
   Stab: Sleeping          |       |     1 |     1 ||     2
 Armour: Robe              |    59 |    94 |   164 ||   317
  Dodge: Dodged            |    76 |   101 |   217 ||   394
